 Dungeon Crawl Stone Soup version 0.24-a0-434-gd57e52fea8 (webtiles) character file.

Game seed: 15090405200722940314

37 OCTOBOI the Conjurer (level 3, -1/21 HPs)
             Began as an Octopode Conjurer on June 15, 2019.
             Slain by a killer bee zombie (3 damage)
             ... on level 3 of the Dungeon.
             The game lasted 00:04:14 (2068 turns).

OCTOBOI the Conjurer (Octopode Conjurer)            Turns: 2068, Time: 00:04:15

Health: -1/21      AC:  1    Str:  7    XL:     3   Next: 41%
Magic:  1/6        EV: 13    Int: 18    God:
Gold:   57         SH:  0    Dex: 12    Spells: 2/6 levels left

rFire    . . .     SeeInvis .   (no weapon)
rCold    . . .     Gourm    .   (no shield)
rNeg     . . .     Faith    .   (helmet restricted)
rPois    .         Spirit   .   (no amulet)
rElec    .         Reflect  .   (no ring)
rCorr    .         Harm     .   (no ring)
MR       .....                  (no ring)
Stlth    +++.......             (no ring)
HPRegen  0.07/turn              (no ring)
MPRegen  0.10/turn              (no ring)
                                (no ring)
                                (no ring)

@: no status effects
A: almost no armour, stealthy swim, amphibious, 8 rings, constrict 8, camouflage
1, gelatinous body 1
a: no special abilities


You were on level 3 of the Dungeon.
You were not hungry.

You visited 1 branch of the dungeon, and saw 3 of its levels.

You collected 57 gold pieces.

Inventory:

Jewellery
 c - a +3 ring of evasion {unknown}
Scrolls
 a - 3 scrolls of remove curse {unknown}
 d - a scroll of random uselessness {unknown}
 e - 2 scrolls of identify {unknown}
 g - a scroll of noise {unknown}
 h - a scroll of blinking {unknown}
Potions
 f - a potion of lignification {unknown}
 i - a potion of ambrosia {unknown}
 j - a potion of heal wounds {unknown}
Comestibles
 b - 5 rations


   Skills:
 - Level 2.0 Dodging
 - Level 2.6 Stealth
 + Level 2.4 Spellcasting
 * Level 4.7 Conjurations
 * Level 0.4 Hexes


You had 2 spell levels left.
You knew the following spells:

 Your Spells              Type           Power        Failure   Level  Hunger
a - Magic Dart            Conj           ###.         2%          1    #......
b - Dazzling Spray        Conj/Hex       ##....       19%         3    ###....

Your spell library contained the following spells:

 Spells                   Type           Power        Failure   Level  Hunger
 Searing Ray              Conj           ###...       3%          2    ##.....
 Iskenderun's Mystic Bla  Conj           ###.....     24%         4    #####..
 Fulminant Prism          Conj/Hex       ##........   52%         4    #####..
 Force Lance              Conj/Tloc      ##......     54%         4    #####..


Dungeon Overview and Level Annotations

Branches:
Dungeon (3/15)

Altars:

Annotations:
D:2 Sigmund


Innate Abilities, Weirdness & Mutations

You cannot wear most types of armour.
You are very stealthy in the water. (Stealth+)
You are amphibious.
You can wear up to eight rings at the same time.
You can use your tentacles to constrict eight enemies at once.
Your skin changes colour to match your surroundings (Stealth+).
Your rubbery body absorbs attacks. (AC +1, EV +1)


Message History

Unknown command.
Casting: Dazzling Spray (safe; 19% risk of failure)
Confirm with . or Enter, or press ? or * to list all spells.
Aiming: Magic Dart (safe; 2% risk of failure)
Press: ? - help, Shift-Dir - straight line, f/p - killer bee zombie
Aim: a killer bee zombie (moderately damaged)
The magic dart hits the killer bee zombie.
The killer bee zombie is heavily damaged.
The killer bee zombie hits you!
* * * LOW HITPOINT WARNING * * *
The killer bee zombie hits you but does no damage.
Casting: Magic Dart (safe; 2% risk of failure)
Confirm with . or Enter, or press ? or * to list all spells.
Aiming: Magic Dart (safe; 2% risk of failure)
Press: ? - help, Shift-Dir - straight line, f/p - killer bee zombie
Aim: a killer bee zombie (heavily damaged)
The magic dart hits the killer bee zombie.
The killer bee zombie is severely damaged.
The killer bee zombie hits you.
You die...

## ### ##
.##.... .#.#.
... ##Z# #.@#
#.## ##.####
#.>...#
##.##.#
####.# #.#
#.###########
#.##........#


You could see a killer bee zombie.

Vanquished Creatures
  A worm (D:2)
  A leopard gecko (D:1)
  2 bats (D:1)
  4 giant cockroaches
  6 hobgoblins
  2 jackals (D:1)
  6 kobolds
  A quokka (D:2)
  4 frilled lizards (D:1)
  3 rats
30 creatures vanquished.

Notes
Turn   | Place    | Note
-------+----------+-------------------------------------------
     0 | D:1      | OCTOBOI the Octopode Conjurer began the quest for the Orb.
     0 | D:1      | Reached XP level 1. HP: 11/11 MP: 3/3
   428 | D:1      | Reached XP level 2. HP: 17/17 MP: 0/5
  1285 | D:1      | Reached XP level 3. HP: 21/21 MP: 4/6
  1291 | D:1      | Learned a level 3 spell: Dazzling Spray
  1599 | D:2      | Noticed Sigmund
  2068 | D:3      | Slain by a killer bee zombie

Levels and vault maps discovered:
D:1:      minmay_arrival_diagonal_passages, layout_basic
D:2:      layout_rooms, nicolae_overflow_hidden_temple, hangedman_ru_absence,
          uniq_sigmund
D:3:      minmay_skewed_foursquare, layout_loops_cross, uniq_terence

Action                   || total
-------------------------++-------
Melee: Unarmed           ||     7
       Constrict         ||     3
       Tentacles         ||     2
 Cast: Magic Dart        ||    66
  Eat: Chunk             ||     4
Armor: Skin              ||     3
Dodge: Dodged            ||    13

Table legend:
 A = Non-vault XP
 B = Vault XP
 C = Vault XP percentage of total XP
 D = Non-vault monster count
 E = Vault monster count
 F = Vault count percentage of total count
                 A         B        C        D         E       F
            +---------+---------+-------+---------+---------+-------
      Total |      54 |       0 |   0.0 |      30 |       0 |   0.0
            +---------+---------+-------+---------+---------+-------
        D:1 |      39 |       0 |   0.0 |      23 |       0 |   0.0
        D:2 |      13 |       0 |   0.0 |       6 |       0 |   0.0
        D:3 |       2 |       0 |   0.0 |       1 |       0 |   0.0
            +---------+---------+-------+---------+---------+-------
